 Dungeon Crawl Stone Soup version 0.28-a0-697-g47f3eba078 (webtiles) character file.

Game seed: 14279282626826288731

51 cheechan the Chopper (level 3, -4/29 (30) HPs)
             Began as a Naga Chaos Knight on Oct 23, 2021.
             Was a Plaything of Xom.
             Slain by an orc (6 damage)
             ... on level 1 of the Dungeon.
             The game lasted 00:03:10 (1027 turns).

cheechan the Chopper (Naga Chaos Knight)            Turns: 1027, Time: 00:03:10

HP:   -4/29 (30)    AC:  4    Str: 15    XL:     3   Next: 81%
MP:   3/3           EV:  9    Int: 12    God:    Xom [..*...]
Gold: 60            SH:  0    Dex: 10    Spells: 2/2 levels left

rFire   . . .      SeeInvis +   a - +0 hand axe (chaos)
rCold   . . .      Faith    .   (no shield)
rNeg    . . .      Spirit   .   b - +2 leather armour
rPois   +          Reflect  .   (no helmet)
rElec   .          Harm     .   (no cloak)
rCorr   .          Rampage  .   (no gloves)
Will    .....                   (no barding)
Stlth   +.........              (no amulet)
HPRegen 0.09/turn               (no ring)
MPRegen 0.08/turn               (no ring)

@: lightly drained, very slow
A: AC +1, large, see invisible, deformed body, poison resistance, slowness 2,
spit poison 1, naga tail 1, frail 1
a: Spit Poison, Renounce Religion


You were on level 1 of the Dungeon.
You worshipped Xom.
You were a toy of Xom.
You visited 1 branch of the dungeon, and saw 2 of its levels.

You collected 60 gold pieces.

Inventory:

Hand Weapons
 a - a +0 hand axe of chaos (weapon)
 c - a +2 dagger of holy wrath
 d - a +1 dagger of draining
Missiles
 e - 26 stones
Armour
 b - a +2 leather armour (worn)


   Skills:
 + Level 3.5 Fighting
 + Level 3.6 Axes
 + Level 2.1 Armour
 + Level 1.0 Dodging


You had 2 spell levels left.
You didn't know any spells.
Your spell library was empty.

Dungeon Overview and Level Annotations

Branches:
Dungeon (2/15)

Altars:

Shops:
D:2 *

Annotations:
D:2 Robin


Innate Abilities, Weirdness & Mutations

Your serpentine skin is tough. (AC +1)
You have supernaturally acute eyesight. (SInv)
Armour fits poorly on your strangely shaped body.
Your system is resistant to poisons. (rPois)
You cover ground very slowly.
You can spit poison.
You have a snake-like lower body.
You are frail. (-10% HP)


Message History

Level annotation: Robin The orc hits you with a +0 mace.
The orc hits you with a +0 club. The goblin misses you.
The orc barely misses you. The orc hits you but does no damage.
There is a stone staircase leading up, spattered with blood here.
The goblin hits you but does no damage. The orc hits you with a +0 mace.
The orc hits you but does no damage.
You climb upwards.
There is a stone staircase leading down here.
You barely miss the orc. You closely miss the goblin. You barely miss the orc.
The goblin hits you with a +0 dagger. The orc hits you with a +0 mace.
The orc hits you with a +0 club.
* * * LOW HITPOINT WARNING * * *
You hit the orc.
The orc is heavily wounded.
You hit the orc but do no damage. You drain the orc. You hit the goblin.
You drain the goblin.
You kill the goblin!
The orc hits you but does no damage. The orc hits you with a +0 club.
* * * LOW HITPOINT WARNING * * *
You completely miss the orc.
The orc is heavily wounded.
You hit the orc but do no damage. The orc barely misses you.
The orc hits you but does no damage. The orc hits you with a +0 club.
* * * LOW HITPOINT WARNING * * *
The orc barely misses you. The orc closely misses you.
Things that are here:
a +0 dagger; a jackal corpse Unknown command.
You hit the orc.
The orc is heavily wounded.
The orc hits you with a +0 mace.
* * * LOW HITPOINT WARNING * * *
You aren't carrying any potions.
You aren't carrying any scrolls.
You completely miss the orc.
The orc is moderately wounded.
The orc hits you with a +0 mace.
You die...

#################
#...............#
##.####.........#########
#.# #..................
#.# #))........########
#.# ##o†.......[.......
#.# #o#####.#.########
#.# #@# #.#.#
##.#####.#####.#.#
#..............#.#
########.#######.########
#.................
#......##.########
######.##.# #....#.##.#
#.##.#.##.#


You could see 2 orcs.

Vanquished Creatures
  An adder (D:2)
  An orc (D:1)
  A ball python (D:1)
  3 bats
  3 endoplasms
  A giant cockroach (D:1)
  6 goblins
  5 hobgoblins (D:1)
  4 jackals
  3 kobolds
  A quokka (D:1)
  2 frilled lizards (D:1)
  2 rats
33 creatures vanquished.

Vanquished Creatures (others)
  4 toadstools (D:1)
4 creatures vanquished.

Grand Total: 37 creatures vanquished

Notes
Turn   | Place    | Note
-------+----------+-------------------------------------------
     0 | D:1      | cheechan the Naga Chaos Knight began the quest for the Orb.
     0 | D:1      | Reached XP level 1. HP: 21/21 MP: 1/1
    61 | D:1      | XOM: potion effect (haste)
    76 | D:1      | Reached XP level 2. HP: 27/28 MP: 2/2
   113 | D:1      | XOM: fog
   427 | D:2      | XOM: give mutation
   427 | D:2      | Gained mutation: You are frail. (-10% HP) [Xom's mischief]
   534 | D:2      | Found Ekor's General Store.
   543 | D:2      | Noticed Robin
   551 | D:2      | Reached XP level 3. HP: 14/30 MP: 3/3
   646 | D:1      | XOM: divination: detect creatures
   899 | D:1      | Reached skill level 1 in Dodging
  1027 | D:1      | Slain by an orc

Illustrated notes

Levels and vault maps discovered:
D:1:      ldierk_walled_garden_2, layout_basic
D:2:      cheibrodos_pilgrimage, layout_basic, shapermc_ecumenical_altar_venn,
          serial_shops, shop, uniq_robin, uniq_terence

Skill      XL: |  1  2  3 |
---------------+----------+-----
Armour         | 2 |  2.1
Dodging        | 1 |  1.0
Fighting       | |  3.5
Axes           | |  3.6

Action                   || total
-------------------------++-------
Melee: Hand axe          ||    73
 Abil: Spit Poison       ||     5
  Use: Scroll            ||     1
       Potion            ||     1
Armor: Leather armour    ||    45
Dodge: Dodged            ||    63

Table legend: (Time is in decaauts)
 A = Elapsed time spent in this place.
 B = Non-inter-level travel time spent in this place.
 C = Inter-level travel time spent in this place.
 D = Time resting spent in this place.
 E = Time spent auto-exploring this place.
 F = Levels seen in this place.
 G = Mean time per level.
                   A        B        C        D        E       F      G
               +--------+--------+--------+--------+--------+-----+--------+
         Total |   1173 |   1173 |      0 |    474 |      0 |   2 |  586.5 |
       Dungeon |   1173 |   1173 |      0 |    474 |      0 |   2 |  586.5 |
               +--------+--------+--------+--------+--------+-----+--------+

Top non-repeatable levels by time:
     D:1: 995 daAuts
     D:2: 178 daAuts
